 Dungeon Crawl Stone Soup version 0.18.1-48-g4cf74bf (webtiles) character file.

1430 GFox the Covered (level 8, 0/105 HPs)
             Began as a Minotaur Fighter on Aug 14, 2016.
             Was an Initiate of Okawaru.
             Slain by a killer bee (5 damage)
             ... on level 7 of the Dungeon.
             The game lasted 00:37:27 (4705 turns).

GFox the Covered (Minotaur Fighter)                 Turns: 4705, Time: 00:37:32

Health: 0/105      AC: 24    Str: 21 (23) XL:     8   Next: 44%
Magic:  7/7        EV:  2    Int:  4 (5)  God:    Okawaru [......]
Gold:   288        SH: 10    Dex:  8 (10) Spells: 0 memorised, 7 levels left

rFire  . . .     SeeInvis .     a - +1 war axe
rCold  . . .     Gourm    .     (armour currently unavailable)
rNeg   + + +     Faith    .     c - +0 shield
rPois  +         Spirit   .     (helmet currently unavailable)
rElec  .         Dismiss  .     (cloak currently unavailable)
rCorr  .         Reflect  .     (gloves currently unavailable)
SustAt .         Harm     .     (boots currently unavailable)
MR     .....     NoTele   +     n - amulet of regeneration
Stlth  ++........               (no ring)
                                (no ring)

@: tree-form, not resistant to hostile enchantments, unstealthy
A: (retaliatory headbutt), (horns 0)
a: Renounce Religion


You were on level 7 of the Dungeon.
You worshipped Okawaru.
Okawaru was noncommittal.
You were not hungry.
You were a tree.
You visited 2 branches of the dungeon, and saw 8 of its levels.
You also visited: Sewer.

You collected 288 gold pieces.

Inventory:

Hand Weapons
 a - a +1 war axe (weapon)
Armour
 c - a +0 shield (worn)
 j - a +3 scale mail of poison resistance (melded)
 k - a +0 cloak (melded)
Jewellery
 n - an amulet of regeneration (around neck)
Wands
 s - a wand of flame (29/48)
Scrolls
 e - a scroll of blinking {unknown}
 m - a scroll of fear
 q - 6 scrolls of remove curse
 t - a scroll of identify
Potions
 d - a potion of might
 l - 2 potions of invisibility
 x - a potion of flight
Comestibles
 f - 3 bread rations
 g - a beef jerky
 h - 4 chunks of flesh
 o - 16 fruits
 r - a meat ration


   Skills:
 + Level 5.9 Fighting
 + Level 6.0 Axes
 + Level 7.3 Armour
 + Level 4.6 Dodging
 + Level 1.3 Stealth
 + Level 6.6 Shields


You had 7 spell levels left.
You didn't know any spells.

Dungeon Overview and Level Annotations

Branches:
Dungeon (7/15)             Temple (1/1) D:5

Altars:
Ashenzari
Cheibriados
Dithmenos
Elyvilon
Fedhas
Gozag
Kikubaaqudgha
Makhleb
Nemelex Xobeh
Okawaru
Pakellas
Qazlal
Sif Muna
Trog
Vehumet
Xom
Yredelemnul
Zin
The Shining One


Innate Abilities, Weirdness & Mutations

((You reflexively headbutt those who attack you in melee.))
((You have a pair of horns on your head.))


Message History

* * * LOW HITPOINT WARNING * * *
The killer bee stings you.
* * * LOW HITPOINT WARNING * * *
You block the killer bee's attack. The killer bee barely misses you.
You furiously retaliate!
You headbutt the killer bee. The killer bee closely misses you.
You furiously retaliate!
You headbutt the killer bee!
You kill the killer bee!
Okawaru accepts your kill.
Your Axes skill increases to level 6!
The killer bee stings you but does no damage.
Drink which item? (? for menu, Esc to quit)
It was a potion of lignification.
You turn into a tree.
Your +0 cloak melds into your body.
Your +3 scale mail of poison resistance melds into your body.
Your roots penetrate the ground.
The killer bee stings you.
* * * LOW HITPOINT WARNING * * *
The killer bee stings you but does no damage.
The killer bee stings you.
You die...

.#
#.###.############
.#####.#
#.#..).........
.......#
#.#.#..........
.#######
#...#.......... .#
#######..........
....
.................
.####
#######..........
.. #.y†....... [#.
#.†♣....... >...
......†y.......
##...
...............
....####........
.... #........ ...
#......[. .y
#........
#########


You could see 2 killer bees.

Vanquished Creatures
  Prince Ribbit (D:6)
  Sigmund (D:6)
  The ghost of ayyllmao the Shield-Bearer, an amateur GrFi (D:4)
  The ghost of PossumBlood the Archer, an amateur HEHu (D:3)
  Purgy (Sewer)
  A sky beast (D:6)
  2 ogres
  4 killer bees (D:7)
  A crimson imp (D:6)
  An orc wizard (D:6)
  A centaur skeleton (D:4)
  2 iguanas
  4 gnolls (D:3)
  5 adders
  An ooze (D:5)
  An adder zombie (D:6)
  A worm (D:3)
  2 dart slugs
  3 giant geckos
  14 orcs
  4 giant cockroaches
  8 goblins
  2 hobgoblins
  3 jackals (D:2)
  A quokka (D:6)
  2 ball pythons
  5 bats
  4 giant newts
  5 kobolds
  A quokka skeleton (D:6)
  9 rats
92 creatures vanquished.

Notes
Turn   | Place    | Note
--------------------------------------------------------------
     0 | D:1      | GFox the Minotaur Fighter began the quest for the Orb.
     0 | D:1      | Reached XP level 1. HP: 19/19 MP: 0/0
   155 | D:1      | Reached XP level 2. HP: 23/27 MP: 1/1
   659 | D:2      | Reached skill level 4 in Armour
   814 | D:2      | Reached XP level 3. HP: 33/33 MP: 2/2
   871 | D:2      | You fall through a shaft!
   883 | D:3      | Reached XP level 4. HP: 32/40 MP: 3/3
   930 | D:3      | Found a shattered altar of Ashenzari.
   930 | D:3      | Found a deep blue altar of Sif Muna.
   996 | D:3      | Noticed PossumBlood's ghost (amateur HEHu)
  1004 | D:3      | Killed PossumBlood's ghost
  1004 | D:3      | Reached skill level 5 in Armour
  1004 | D:3      | Reached skill level 1 in Dodging
  1004 | D:3      | Reached XP level 5. HP: 41/47 MP: 4/4
  1347 | D:3      | Reached skill level 5 in Shields
  1634 | D:4      | Reached XP level 6. HP: 49/53 MP: 5/5
  1696 | D:4      | Noticed ayyllmao's ghost (amateur GrFi)
  1701 | D:4      | Killed ayyllmao's ghost
  2337 | D:4      | Found an oddly glowing altar of Pakellas.
  2421 | D:5      | Entered Level 5 of the Dungeon
  2573 | D:5      | Noticed an air elemental
  2575 | D:5      | Found a stormy altar of Qazlal.
  2576 | D:5      | Noticed a water elemental
  2576 | D:5      | Noticed a fire elemental
  2738 | D:5      | Found a glowing drain.
  2748 | Sewer    | Entered a sewer
  2807 | Sewer    | Noticed Purgy
  2822 | Sewer    | Killed Purgy
  2822 | Sewer    | Reached skill level 5 in Fighting
  2822 | Sewer    | Reached XP level 7. HP: 43/61 MP: 6/6
  3061 | D:5      | Found a staircase to the Ecumenical Temple.
  3067 | Temple   | Entered the Ecumenical Temple
  3452 | D:5      | Found a sparkling altar of Nemelex Xobeh.
  3897 | D:6      | Reached skill level 5 in Axes
  3902 | D:6      | Reached skill level 6 in Armour
  3902 | D:6      | Reached skill level 1 in Stealth
  3912 | D:6      | Gained mutation: Scrolls take you a little longer to read. [mutagenic meat]
  3913 | D:6      | Gained mutation: You possess an exceptional clarity of mind. [mutagenic meat]
  3914 | D:6      | Gained mutation: You tend to lose your temper in combat. [mutagenic meat]
  3915 | D:6      | Gained mutation: You have a pair of large horns on your head. [mutagenic meat]
  3916 | D:6      | Gained mutation: You are clumsy. (Dex -2) [mutagenic meat]
  3984 | D:6      | Noticed Sigmund
  3992 | D:6      | Killed Sigmund
  3997 | D:6      | Reached XP level 8. HP: 58/69 MP: 7/7
  4002 | D:6      | Noticed Prince Ribbit
  4018 | D:6      | Killed Prince Ribbit
  4018 | D:6      | Reached skill level 7 in Armour
  4110 | D:6      | Found an iron altar of Okawaru.
  4142 | D:6      | Became a worshipper of Warmaster Okawaru
  4367 | D:6      | Lost mutation: You are clumsy. (Dex -2) [potion of cure mutation]
  4367 | D:6      | Lost mutation: Scrolls take you a little longer to read. [potion of cure mutation]
  4367 | D:6      | Lost mutation: You possess an exceptional clarity of mind. [potion of cure mutation]
  4367 | D:6      | Lost mutation: You have a pair of large horns on your head. [potion of cure mutation]
  4367 | D:6      | Lost mutation: You tend to lose your temper in combat. [potion of cure mutation]
  4395 | D:6      | Found a bloodstained altar of Trog.
  4705 | D:7      | HP: 5/105 [killer bee (4)]
  4705 | D:7      | Slain by a killer bee

Skill      XL: |  1  2  3  4  5  6  7  8 |
---------------+-------------------------+-----
Shields        | 4 5 6 |  6.6
Armour         | 4 5 6 7 |  7.3
Fighting       | 4 5 |  5.9
Axes           | 3 4 5 6 |  6.0
Dodging        | 1 2 3 4 |  4.6
Stealth        | 1 |  1.3

Action                   |  1- 3 |  4- 6 |  7- 9 || total
-------------------------+-------+-------+-------++-------
Melee: War axe           |    55 |    92 |    73 ||   220
       Headbutt          |     7 |    18 |    11 ||    36
  Use: Scroll            |     4 |     7 |     1 ||    12
       Potion            |       |       |    12 ||    12
  Eat: Chunk             |       |     5 |     6 ||    11
       Pizza             |       |     1 |       ||     1
       Meat ration       |       |       |     1 ||     1
Armor: Scale mail        |    35 |    52 |    68 ||   155
       Skin              |       |       |     1 ||     1
Dodge: Dodged            |    23 |    42 |    56 ||   121
Block: Shield            |    39 |    47 |    67 ||   153
